 Dungeon Crawl Stone Soup version 0.21.1-1-g345015fe64 (webtiles) character file.

168 PikkenKukken the Cudgeler (level 5, -5/33 HPs)
             Began as a Kobold Berserker on May 3, 2018.
             Was a Believer of Trog.
             Slain by a gnoll
             ... wielding a +0 whip
              (6 damage)
             ... on level 2 of the Dungeon.
             The game lasted 00:07:41 (1961 turns).

PikkenKukken the Cudgeler (Kobold Berserker)        Turns: 1961, Time: 00:07:42

Health: -5/33      AC:  5    Str: 15    XL:     5   Next: 78%
Magic:  5/5        EV: 14    Int:  8    God:    Trog [**....]
Gold:   68         SH:  0    Dex: 15    Spells: 4/4 levels left

rFire    . . .     SeeInvis .   a - +0 mace
rCold    . . .     Gourm    .   (shield restricted)
rNeg     . . .     Faith    .   d - +0 ring mail
rPois    .         Spirit   .   (no helmet)
rElec    .         Reflect  .   (no cloak)
rCorr    .         Harm     .   (no gloves)
MR       .....                  (no boots)
Stlth    +.........             (no amulet)
HPRegen  0.11/turn              (no ring)
MPRegen  0.09/turn              (no ring)

@: berserk cooldown, slowed, very slow
A: small, carnivore
a: Berserk, Trog's Hand, Burn Spellbooks, Renounce Religion


You were on level 2 of the Dungeon.
You worshipped Trog.
Trog was pleased with you.
You were not hungry.

You visited 1 branch of the dungeon, and saw 2 of its levels.

You collected 68 gold pieces.

Inventory:

Hand Weapons
 a - a +0 mace (weapon)
Missiles
 k - 27 arrows
Armour
 b - a +0 animal skin
 d - a +0 ring mail (worn)
Jewellery
 o - an uncursed amulet of faith {unknown}
Scrolls
 e - 2 scrolls of identify
 f - a scroll of remove curse
 i - a scroll of immolation {unknown}
 l - a scroll of fear {unknown}
 q - a scroll of random uselessness {unknown}
Potions
 g - a potion of heal wounds {unknown}
 h - a potion of haste {unknown}
 j - 2 potions of flight {unknown}
 n - 2 potions of cancellation {unknown}
 p - 2 potions of invisibility {unknown}
 r - a potion of lignification {unknown}
Comestibles
 c - a ration


   Skills:
 + Level 4.0 Fighting
 + Level 4.5 Maces & Flails
 + Level 2.0 Armour
 + Level 3.3 Dodging
 + Level 0.1 Stealth


You had 4 spell levels left.
You didn't know any spells.

Dungeon Overview and Level Annotations

Branches:
Dungeon (2/15)

Altars:


Innate Abilities, Weirdness & Mutations

You are small and have problems with some larger weapons.
You are carnivorous and can eat meat at any time.


Message History

The rat bites you.
You fail to use your ability.
The rat bites you.
* * * LOW HITPOINT WARNING * * *
You hit the rat.
You kill the rat!
Trog accepts your kill. The bat hits you but does no damage.
The gnoll hits you with a whip.
* * * LOW HITPOINT WARNING * * *
You hit the gnoll.
The gnoll is severely wounded.
The bat hits you.
* * * LOW HITPOINT WARNING * * *
The gnoll hits you with a whip!
* * * LOW HITPOINT WARNING * * *
The gnoll completely misses you.
You hit the gnoll.
The gnoll is almost dead.
The bat hits you but does no damage. The gnoll hits you but does no damage.
The gnoll hits you with a whip.
You die...

....## #.........#
...## #.........#
..## #.........#
.## #.........# ##
..........# #
......)(..#
.........#
..!.####g########
. #@.......#
#........#
#.b......#
#####........#
#######
#............#
#......
#.####.......#
#.##### #.#
#.......# #.#
#.####.......###.#
#................#


You could see a gnoll and a bat.

Vanquished Creatures
  7 gnolls
  3 adders (D:2)
  2 oozes
  A worm (D:2)
  2 dart slugs
  3 leopard geckos (D:1)
  A ball python (D:2)
  7 bats
  5 goblins (D:1)
  10 hobgoblins
  4 jackals (D:2)
  A quokka (D:2)
  4 frilled lizards
  3 kobolds
  5 rats
58 creatures vanquished.

Notes
Turn   | Place    | Note
-------+----------+-------------------------------------------
     0 | D:1      | PikkenKukken the Kobold Berserker began the quest for the Orb.
     0 | D:1      | Reached XP level 1. HP: 14/14 MP: 1/1
   215 | D:1      | Reached XP level 2. HP: 11/19 MP: 2/2
   241 | D:1      | Reached XP level 3. HP: 23/23 MP: 3/3
   539 | D:1      | Reached ** piety under Trog
   788 | D:2      | Reached XP level 4. HP: 28/28 MP: 4/4
  1437 | D:2      | Reached XP level 5. HP: 33/33 MP: 5/5
  1960 | D:2      | HP: 1/33 [gnoll/whip (7)]
  1961 | D:2      | Slain by a gnoll

Skill      XL: |  1  2  3  4  5 |
---------------+----------------+-----
Maces & Flails | 3 4 |  4.5
Dodging        | 3 |  3.3
Armour         | 2 |  2.0
Fighting       | 4 |  4.0
Stealth        | |  0.1

Action                   |  1- 3 |  4- 6 || total
-------------------------+-------+-------++-------
Melee: Mace              |    83 |   117 ||   200
Invok: Berserk           |     1 |     5 ||     6
       Trog's Hand       |       |     2 ||     2
  Use: Scroll            |     1 |       ||     1
  Eat: Chunk             |     9 |     4 ||    13
Armor: Ring mail         |    35 |    65 ||   100
Dodge: Dodged            |    72 |   197 ||   269
